 Dungeon Crawl Stone Soup version 0.30.0-13-g156ef70053 (webtiles) character file.

Game seed: 9810191007718581209

198 jasper the Chopper (level 6, -2/52 HPs)
             Began as a Meteoran Berserker on May 17, 2023.
             Was a Follower of Trog.
             Splashed by a jelly's acid (8 damage)
             ... on level 5 of the Dungeon.
             The game lasted 00:02:46 (527 turns).

jasper the Chopper (Meteoran Berserker)              Turns: 527, Time: 00:02:46

Health: -2/52      AC:  0    Str: 18    XL:     6   Next: 27%
Magic:  7/7        EV: 11    Int:  9    God:    Trog [*.....]
Gold:   120        SH:  0    Dex: 14    Spells: 5/5 levels left

rFire   . . .        a - +0 hand axe
rCold   . . .        (no shield)
rNeg    . . .        j - +0 scale mail
rPois   .            (no helmet)
rElec   .            (no cloak)
rCorr   .            (no gloves)
SInv    .            (no boots)
Will    .....        f - amulet of regeneration Stlth
                     (no ring)
HPRegen 1.08/turn    (no ring)
MPRegen 0.10/turn

%: no passive effects
@: brilliant, corroded, on berserk cooldown, flying, slowed, glowing, very slow
A: sense surroundings 1, otherworldly, glowing, explore regen, weak 1,
devolution 1
a: Renounce Religion, Berserk


You were on level 5 of the Dungeon.
You worshipped Trog.
Trog was aware of your devotion.
You visited 1 branch of the dungeon, and saw 5 of its levels.

You collected 120 gold pieces.

Inventory:

Hand Weapons
 a - a +0 hand axe (weapon)
Missiles
 d - 5 poisoned darts (quivered)
 n - 5 stones
Armour
 b - a +0 animal skin
 g - a +0 leather armour
 j - a +0 scale mail (worn)
Jewellery
 f - an amulet of regeneration (around neck)
Scrolls
 c - a scroll of fog {unknown}
 i - 3 scrolls of identify {unknown}
 k - a scroll of noise {unknown}
 m - a scroll of magic mapping {unknown}


   Skills:
 + Level 4.2 Fighting
 * Level 5.5 Axes
 + Level 3.8 Armour
 + Level 3.7 Dodging


You had 5 spell levels left.
You didn't know any spells.
Your spell library was empty.

Dungeon Overview and Level Annotations

Branches:
Dungeon (5/15) Zot: 2440   Temple (0/1) D:4

Altars:
Ru

Annotations:
D:4 2 transporters, Pimp's ghost, amateur KoHu


Innate Abilities, Weirdness & Mutations

You passively map a small area around you.
You are easily found by Zot.
You glow in the dark.
You regain HP and MP as you explore.
You are weak. (Str -2)
You have hidden genetic defects.


Message History

The jelly hits you.
You are splashed with acid!
* * * LOW HITPOINT WARNING * * *
The jelly closely misses you.
You take 15 damage, and have 10/52 hp.
MASSIVE DAMAGE!!
You barely miss the jelly.
The jelly is severely wounded.
The jelly closely misses you.
You regained 2 hp, and now have 12/52 hp.
You aren't carrying any items that you can evoke.
It was a potion of mutation.
You feel extremely strange.
You feel a hidden malignance growing inside you.
You feel weaker. The jelly barely misses you. The jelly hits you.
* * * LOW HITPOINT WARNING * * *
You are splashed with acid!
* * * LOW HITPOINT WARNING * * *
You take 10 damage, and have 2/52 hp.
It was a potion of brilliance.
You feel clever all of a sudden. The jelly completely misses you.
You regained 2 hp, and now have 4/52 hp.
It was a potion of flight.
You feel very buoyant.
You fly up into the air.
The jelly barely misses you. The jelly closely misses you.
You regained 2 hp, and now have 6/52 hp.
It was a potion of curing.
You feel better. The jelly hits you.
* * * LOW HITPOINT WARNING * * *
You are splashed with acid!
* * * LOW HITPOINT WARNING * * *
You take 3 damage, and have 3/52 hp.
Okay, then.
The jelly closely misses you.
You regained 2 hp, and now have 5/52 hp.
You hear the hiss of a very distant avalanche of sand.
You regained 2 hp, and now have 7/52 hp.
The jelly attacks as you move away! The jelly hits you.
* * * LOW HITPOINT WARNING * * *
The acid corrodes you!
You are splashed with acid!
You die...

, * * , , , , , , #,
*.## #.#####..###
#..........# *
#.#.#.#.#.# * *
#.....>...# * ,*
#.#...@.#.# *
##.....J...#
##..#.....#...#, .
#####............#.#
. ........#.#.#.#.##
# ..#**
####.........# ,*
..# #.....####.#,, *
.. #.###.# *... ,,
.## #.#*#.# #..


You could see a jelly.

Vanquished Creatures
  A phantom (D:5)
  A hound (D:4)
  2 iguanas
  An adder (D:5)
  An ufetubus (D:4)
  A worm (D:4)
  5 orcs (D:4)
  3 endoplasms
  A goblin (D:2)
  3 hobgoblins
  2 ball pythons
  A frilled lizard (D:2)
  A rat (D:2)
23 creatures vanquished.

Notes
Turn   | Place    | Note
-------+----------+-------------------------------------------
     0 | D:1      | jasper the Meteoran Berserker began the quest for the Orb.
     0 | D:1      | Reached XP level 1. HP: 19/19 MP: 2/2
    84 | D:2      | Reached XP level 2. HP: 26/26 MP: 3/3
   127 | D:3      | You fall into a shaft and drop 1 floor!
   144 | D:4      | Found a staircase to the Ecumenical Temple.
   155 | D:4      | Reached skill level 4 in Axes
   215 | D:4      | Reached XP level 3. HP: 23/31 MP: 4/4
   224 | D:4      | Reached XP level 4. HP: 18/37 MP: 5/5
   304 | D:4      | Noticed a steam dragon
   307 | D:4      | Reached XP level 5. HP: 41/42 MP: 6/6
   308 | D:4      | Noticed Pimp's ghost (amateur KoHu)
   312 | D:4      | Found a transporter.
   334 | D:4      | Found a transporter.
   382 | D:5      | Entered Level 5 of the Dungeon
   392 | D:5      | Reached skill level 5 in Axes
   440 | D:5      | Identified the +1 leather armour "Suev Ats" {Dex+3}
   449 | D:5      | Found a sacrificial altar of Ru.
   497 | D:5      | Noticed a phantom
   505 | D:5      | Killed a phantom
   506 | D:5      | Reached XP level 6. HP: 52/52 MP: 7/7
   521 | D:5      | Gained mutation: You have hidden genetic defects. [potion
                  | of mutation]
   521 | D:5      | Gained mutation: You are weak. (Str -2) [potion of
                  | mutation]
   521 | D:5      | HP: 2/52 [acid (8)]
   527 | D:5      | Splashed by a jelly's acid

Illustrated notes

Levels and vault maps discovered:
D:1:      sevenhm_arrival_forest_fort_small_4, layout_basic
D:2:      layout_basic, serial_forest, infiniplex_forest_clump_tiny,
          infiniplex_forest_straight_1, infiniplex_forest_zigzag_1,
          infiniplex_forest_clump_diagonal, infiniplex_forest_lined_ring,
          uniq_terence, uniq_natasha
D:3:      layout_loops_ring, serial_shops, nicolae_book_shop_shelving,
          chequers_ecumenical_altar_island, ebering_ghost_rock_garden,
          uniq_robin
D:4:      layout_cave_pools, minmay_temple_entry_arrows,
          gup_sewer_entry_bubbles, gammafunk_ghost_arena,
          kennysheep_generic_room_14
D:5:      layout_loops_ring, mainiacjoe_overflow_boulevard, enter_ossuary_4,
          hangedman_decor_points, minmay_fountain_box, st_stairs_2, uniq_sigmund

Skill      XL: |  1  2  3  4  5 |
---------------+----------------+-----
Axes           | 4 5 |  5.5
Armour         | 3 |  3.8
Dodging        | 3 |  3.7
Fighting       | 4 |  4.2

Action                     |  1- 3 |  4- 6 || total
---------------------------+-------+-------++-------
  Melee: Hand axe          |    39 |    62 ||   101
 Invoke: Berserk           |     2 |     1 ||     3
    Use: Potion            |       |     4 ||     4
 Armour: Animal skin       |     9 |       ||     9
         Leather armour    |     4 |     3 ||     7
         Scale mail        |       |    22 ||    22
  Dodge: Dodged            |    26 |    40 ||    66
